 Dungeon Crawl Stone Soup version 0.24.0-2-g5b39cebb1c (webtiles) character file.

Game seed: 10797644870575816817, levelgen mode: deterministic

1024 wullow the Stinger (level 8, -2/58 HPs)
             Began as a Merfolk Venom Mage on Oct 31, 2019.
             Shot with an arrow by a centaur (9 damage)
             ... on level 5 of the Dungeon.
             The game lasted 00:26:18 (7782 turns).

wullow the Stinger (Merfolk Venom Mage)             Turns: 7782, Time: 00:26:19

Health: -2/58      AC:  5    Str:  8    XL:     8   Next: 22%
Magic:  15/15      EV: 13    Int: 17    God:
Gold:   176        SH:  0    Dex: 14    Spells: 11/17 levels left

rFire    . . .     SeeInvis .   D - +1 dagger (freeze)
rCold    . . .     Gourm    .   (no shield)
rNeg     . . .     Faith    .   h - +0 robe
rPois    .         Spirit   .   s - +0 helmet
rElec    .         Reflect  .   I - scarf {cloud immunity}
rCorr    .         Harm     .   q - +1 pair of gloves
MR       .....                  (no boots)
Stlth    ++........             (no amulet)
HPRegen  0.19/turn              E - ring of wizardry
MPRegen  0.14/turn              (no ring)

@: no status effects
A: change form in water, swift swim, stealthy swim
a: no special abilities


You were on level 5 of the Dungeon.
You were very hungry.

You visited 1 branch of the dungeon, and saw 7 of its levels.

You collected 176 gold pieces.

Inventory:

Hand Weapons
 a - a +1 short sword
 y - a +0 spear
 z - a +0 hunting sling
 D - a +1 dagger of freezing (weapon)
Missiles
 d - 185 stones (quivered)
Armour
 h - a +0 robe (worn)
 q - a +1 pair of gloves (worn)
 s - a +0 helmet (worn)
 u - a +0 ring mail
 I - a scarf of cloud immunity (worn)
Magical Staves
 G - a cursed staff of power
Jewellery
 E - a ring of wizardry (left hand)
 H - an uncursed amulet of rage
Wands
 b - a wand of acid (4)
Scrolls
 g - 2 scrolls of fear
 i - 7 scrolls of identify
 j - a scroll of immolation
 n - a scroll of teleportation
 v - 2 scrolls of enchant armour
 F - a scroll of fog {unknown}
Potions
 e - 3 potions of curing
 f - a potion of might {unknown}
 k - 3 potions of berserk rage
 l - a potion of brilliance {unknown}
 m - 3 potions of mutation
 o - 3 potions of haste
 p - a potion of degeneration {unknown}
 r - a potion of cancellation {unknown}
 t - a potion of agility
 x - a potion of resistance {unknown}
 A - a potion of flight {unknown}
 B - a potion of lignification {unknown}
 C - a potion of heal wounds {unknown}
Comestibles
 c - 10 rations


   Skills:
 + Level 3.0 Fighting
 + Level 0.2 Short Blades
 - Level 2.6 Dodging
 - Level 2.1 Stealth
 - Level 5.0 Spellcasting
 - Level 3.0 Conjurations
 + Level 2.8 Air Magic
 + Level 6.2 Poison Magic


You had 11 spell levels left.
You knew the following spells:

 Your Spells              Type           Power        Failure   Level  Hunger
a - Sting                 Conj/Pois      ###.         1%          1    None
b - Poisonous Vapours     Pois/Air       ###...       1%          2    #......
c - Mephitic Cloud        Conj/Pois/Air  ###.....     3%          3    ###....

Your spell library contained the following spells:

 Spells                   Type           Power        Failure   Level  Hunger
 Olgreb's Toxic Radiance  Pois           ####....     4%          4    ####...
 Animate Skeleton         Necr           N/A          6%          1    None
 Apportation              Tloc           #.....       6%          1    None
 Confusing Touch          Hex            #.....       6%          1    None
 Summon Small Mammal      Summ           #...         6%          1    None
 Venom Bolt               Conj/Pois      ###.......   24%         5    ######.


Dungeon Overview and Level Annotations

Branches:
Dungeon (7/15)
 Temple: D:4-7

Altars:
Dithmenos
Fedhas
Hepliaklqana
Vehumet
Yredelemnul
Zin

Annotations:
D:4 Menkaure
D:6 Edmund, Prince Ribbit


Message History

No target in view!
No target in view!
No target in view!
No target in view!
No target in view!
No target in view!
No target in view!
No target in view!
There is an open door here.
The centaur shoots an arrow.
The arrow hits you!
There is an open door here.
You see here an arrow.
The centaur shoots an arrow.
The arrow hits you!
You see here an arrow.
The centaur shoots an arrow.
The arrow hits you.
The centaur shoots an arrow.
The arrow hits you!
* * * LOW HITPOINT WARNING * * *
You see here an arrow.
The centaur shoots an arrow.
The arrow hits you!
You die...

≈≈≈#### #..........# ##.###..##.
.≈....# #....#....## #.##..≈...
#..##.# #....#....# #.##.≈≈≈..
..###.# #....#....# #..#......
..# #.# #....#....# ##.#......
..# #.####....#....# ####'######.
..###.........#....# #.[.....# #.
..............#....###.......###.
..............'.@(((.'.......'.#.
............c.#....###.......#.#.
...############....# #.......#.#.
...# #....# #......)#.#. ##.#
#....# ######≈.#.#. #.# #....####
##≈≈.#.#. #.# #.......# #≈≈.≈..#.
#.# #######.# #≈#.≈..#.
#.##≈≈##≈≈≈#.


You could see a centaur.

Vanquished Creatures
  3 sky beasts
  An ogre (D:5)
  A scorpion (D:4)
  A crimson imp (D:6)
  3 hounds
  2 bullfrog skeletons
  2 orc priests
  An iguana (D:5)
  2 orc wizards
  A worker ant (D:4)
  A hound skeleton (D:5)
  5 gnolls
  10 adders
  A shadow imp (D:2)
  An adder zombie (D:5)
  3 worms
  5 dart slugs
  A leopard gecko (D:2)
  13 orcs
  5 bats
  5 giant cockroaches
  6 goblins
  6 hobgoblins
  8 jackals
  5 quokkas
  A ball python (D:2)
  3 frilled lizards
  10 kobolds
  A leopard gecko skeleton (D:6)
  A quokka skeleton (D:2)
  6 rats
114 creatures vanquished.

Notes
Turn   | Place    | Note
-------+----------+-------------------------------------------
     0 | D:1      | wullow the Merfolk Venom Mage began the quest for the Orb.
     0 | D:1      | Reached XP level 1. HP: 13/13 MP: 3/3
     4 | D:1      | Noticed an electric eel
     4 | D:1      | Noticed an electric eel
   146 | D:1      | Reached skill level 1 in Conjurations
   390 | D:1      | Reached XP level 2. HP: 3/19 MP: 0/5
   777 | D:1      | Learned a level 2 spell: Poisonous Vapours
   945 | D:1      | Reached XP level 3. HP: 24/24 MP: 2/6
  1431 | D:2      | Reached skill level 4 in Poison Magic
  1431 | D:2      | Reached XP level 4. HP: 30/30 MP: 0/8
  2638 | D:2      | Reached XP level 5. HP: 35/35 MP: 4/9
  3383 | D:3      | Learned a level 3 spell: Mephitic Cloud
  3421 | D:3      | Noticed a sky beast
  3482 | D:3      | Killed a sky beast
  3482 | D:3      | Reached skill level 1 in Air Magic
  3482 | D:3      | Reached skill level 5 in Poison Magic
  3482 | D:3      | Reached XP level 6. HP: 26/41 MP: 1/11
  4430 | D:4      | Noticed a sky beast
  4518 | D:4      | You fall into a shaft and drop 3 floors!
  4668 | D:6      | Noticed Prince Ribbit
  4693 | D:7      | Noticed an orc warrior
  4801 | D:6      | Noticed a fire elemental
  4853 | D:5      | Entered Level 5 of the Dungeon
  4929 | D:5      | Noticed a sky beast
  4938 | D:5      | Killed a sky beast
  4938 | D:5      | Reached skill level 1 in Fighting
  4938 | D:5      | Reached XP level 7. HP: 48/48 MP: 2/12
  5281 | D:4      | Found a basalt altar of Yredelemnul.
  5649 | D:4      | Noticed Menkaure
  5817 | D:4      | Found a radiant altar of Vehumet.
  5817 | D:4      | Found a shadowy altar of Dithmenos.
  5822 | D:4      | Found a glowing silver altar of Zin.
  5824 | D:4      | Found a hazy altar of Hepliaklqana.
  5826 | D:4      | Found a blossoming altar of Fedhas.
  6450 | D:5      | Reached skill level 6 in Poison Magic
  6450 | D:5      | Reached XP level 8. HP: 7/57 MP: 4/15
  7213 | D:6      | Noticed Edmund
  7773 | D:5      | Reached skill level 5 in Spellcasting
  7782 | D:5      | Shot with an arrow by a centaur

Levels and vault maps discovered:
D:1:      arrival_aquarium_b, layout_loops_ring
D:2:      layout_basic, solitary_fountain, due_unseen_surprise
D:3:      layout_basic, first_ration
D:4:      layout_loops_ring, lemuel_doored_altar,
          chequers_temple_overflow_minitemple,
          minmay_fractal_squares_diagonal_5, uniq_menkaure
D:5:      layout_basic, grunt_temple_overflow_diamond, serial_rivers,
          chequers_serial_rivers_micro_b, chequers_serial_rivers_small_b,
          chequers_serial_rivers_marsh, chequers_serial_rivers_small_b,
          chequers_serial_rivers_small_b
D:6:      layout_loops_corners, eat_drink_and_be_merry_uskayaw,
          minmay_temple_entry_glass, nicolae_qazlal_style_of_elements,
          uniq_eustachio, uniq_edmund, uniq_prince_ribbit1
D:7:      layout_basic, the_bakery, nrook_mini_vaults, grunt_decor_fettered

Skill      XL: |  1  2  3  4  5  6  7  8 |
---------------+-------------------------+-----
Conjurations   | 1 2 3 |  3.0
Poison Magic   | 4 5 6 |  6.2
Spellcasting   | 3 4 5 |  5.0
Air Magic      | 1 2 |  2.8
Fighting       | 1 2 3 |  3.0
Short Blades   | |  0.2
Dodging        | |  2.6
Stealth        | |  2.1

Action                   |  1- 3 |  4- 6 |  7- 9 || total
-------------------------+-------+-------+-------++-------
Melee: Unarmed           |     2 |       |       ||     2
       Short sword       |    13 |    97 |    45 ||   155
       Dagger            |       |     5 |   349 ||   354
       Spear             |       |       |   110 ||   110
 Cast: Sting             |    47 |    14 |    14 ||    75
       Poisonous Vapours |     6 |    70 |    53 ||   129
Evoke: Wand              |       |     5 |       ||     5
  Use: Scroll            |       |    10 |     3 ||    13
 Stab: Sleeping          |       |     1 |       ||     1
  Eat: Chunk             |     3 |     9 |     6 ||    18
       Ration            |       |     2 |     1 ||     3
Armor: Robe              |     1 |    16 |    13 ||    30
       Ring mail         |       |     5 |   171 ||   176
Dodge: Dodged            |    24 |    58 |   226 ||   308
